Unix NetHack Version 5.0.0-0 post-release - last build May 23 2026 06:08:33 (1c0ff79ee797540d5714e4e18072db0edd9e58ae,branch:main).

Game began 2026-05-27 02:41:20, ended 2026-05-27 02:50:55.

CyberFan, lawful male human Monk

                                   ---...-          -        ..--....
                                   -......                  ..........
                                   .......  ---------.--+-. ..........
                                   ...G... --.........)...-.......{...
                                    ......--..-----.---.-%..)..........
                                    |....-|.....--|..|..|--..|.........
                                    |...---@.|...-|..|..| ...|-...---.-
                                     -..%..G---...-------....----  --|---
                                      --...........|.. |........|  |....|
                                       -----...........---......-  |!%%%|
                                           --.---...........  |..  ------
                                            |.|  ---..)..|..  |..  ---
                                            |.|    --...----  |....|.-
                                          ---|---   -----     |.......  ---
                                          |.....|             ----.....-|.-
                                          |.._..|                  |....|..
                                          |.....|                  ----.....|
                                          -------                     ---..<|
                                                                        -----
CyberFan the Novice             St:16 Dx:14 Co:10 In:11 Wi:14 Ch:11  Lawful
Dlvl:5  $:48 HP:0(25) Pw:37(40) AC:3  Xp:5/222 T:766 

Latest messages:
 The kitten bites the dwarf.
 The kitten bites the dwarf.
 The dwarf swings his pick-axe at the kitten.
 The dwarf misses the kitten.
 "Hello, CyberFan!  Welcome to Blaze's health food store!"
 It misses the dwarf.
 It bites the dwarf.
 The dwarf swings his pick-axe at it.
 The dwarf misses it.
 You hear some noises.
 You see here a potion of healing (for sale, 20 zorkmids).
 "For you, most gracious sir; only 20 zorkmids for this potion of healing."
 E - a potion of healing (unpaid, 20 zorkmids).
 What do you want to drop? [$a-kmnpr-wyzA-E or ?*]
 You drop a potion of healing (unpaid, 20 zorkmids).
 You swap places with your kitten.
 You attack thin air.
 A crossbow bolt misses you.
 You are hit by a crossbow bolt.
 A crossbow bolt misses you.
 The gnome lady wields 8 daggers!
 You kill the gnome lady!
 There are several objects here.
 You are hit by a crossbow bolt.
 You are hit by a crossbow bolt.
 There are several objects here.
 F - 7 shuriken.
 What do you want to ready? [$F or ?*]
 F - 7 shuriken (at the ready).
 The gnome swings his crossbow.
 The gnome hits!
 You kill the gnome!
 You hear crashing rock.
 You stop waiting.
 In what direction?
 You feel better.
 You kill the gnome!
 You learn more about your items by comparing them.
 h - an uncursed fortune cookie (4 in total).
 You hit the floating eye!
 Your hands stop glowing red.
 The floating eye appears confused.
 You are frozen by the floating eye's gaze!
 The gnome hits!
 The gnome hits!
 The gnome hits!
 The gnome hits!
 The gnome hits!
 The gnome hits!
 You die...

Inventory:
 Coins    ('$')
  $ - 48 gold pieces
 Weapons  (')')
  D - an uncursed +1 crossbow bolt
  F - 7 uncursed +0 shuriken (at the ready)
 Armor    ('[')
  t - an uncursed +0 dwarvish iron helm (being worn)
  a - an uncursed +2 pair of leather gloves (being worn)
  u - a cursed -3 pair of iron shoes (being worn)
  b - an uncursed +1 robe (being worn)
 Comestibles  ('%')
  f - 6 uncursed apples
  e - 5 uncursed food rations
  h - 4 uncursed fortune cookies
  g - 6 uncursed oranges
  z - an uncursed pear
 Scrolls  ('?')
  C - an uncursed scroll of create monster
  c - an uncursed scroll of scare monster
 Spellbooks  ('+')
  n - an uncursed spellbook of healing
  i - a blessed spellbook of protection
 Potions  ('!')
  s - an uncursed potion of hallucination
  d - 2 uncursed potions of healing
  k - an uncursed potion of monster detection
  m - an uncursed potion of sleeping
 Rings    ('=')
  v - an uncursed ring of cold resistance
  r - an uncursed ring of protection from shape changers
 Tools    ('(')
  j - an uncursed magic marker (0:22)
 Gems/Stones  ('*')
  y - an uncursed aquamarine stone
  B - an uncursed citrine stone
  A - an uncursed worthless piece of black glass
  w - an uncursed worthless piece of green glass
  p - 2 uncursed worthless pieces of white glass

CyberFan the Monk's attributes:

Background:
 You were a Novice, a level 5 male human Monk.
 You were lawful, on a mission for Shan Lai Ching
 who was opposed by Chih Sung-tzu (neutral) and Huan Ti (chaotic).
 You were right-handed.
 You were in the Gnomish Mines, on level 5.
 You entered the dungeon 766 turns ago.
 It was nighttime.
 You had 222 experience points, 98 more were needed to attain level 6.

Basics:
 You had 0 out of 25 hit points.
 You had 37 out of 40 energy points (spell power).
 Your armor class was 3.
 Your wallet contained 48 zorkmids.
 Autopickup was on for '$%?!"=/*' plus thrown, with exceptions.

Final Characteristics:
 Your strength was 16 (limit:18/100).
 Your dexterity was 14 (limit:18).
 Your constitution was 10 (limit:18).
 Your intelligence was 11 (limit:18).
 Your wisdom was 14 (limit:18).
 Your charisma was 11 (limit:18).

Final Status:
 You weren't hungry.
 You were unencumbered.
 You were empty handed.
 You had basic skill with martial arts.

Final Attributes:
 You were fervently aligned.
 You were sleep resistant.
 You were poison resistant.
 You saw invisible.
 You were stealthy.
 You were guarded.
 Your spell casting was enhanced by wearing a robe.
 You were fast.
 You are dead.

Miscellaneous:
 You disabled loading and storing of bones levels.
 Total elapsed playing time was 9 minutes and 34 seconds.

Major events:
 Turn
    1: CyberFan the lawful male human Monk entered the dungeon
  325: entered the Gnomish Mines
  396: attained the rank of Novice (level 3)
  554: reached Mine Town
  766: killed by a gnome, while frozen by a floating eye's gaze

Spells:
 Name                 Level Category     Fail Retention
 protection             1   clerical       0%  76%-100%
 healing                1   healing        0%  91%-100%

Skills:
 Fighting Skills
   martial arts       [Basic]
 Weapon Skills
   quarterstaff       [Unskilled]
   spear              [Unskilled]
   crossbow           [Unskilled]
   shuriken           [Unskilled]
 Spellcasting Skills
   attack spells      [Unskilled]
   healing spells     [Basic]
   divination spells  [Unskilled]
   enchantment spells [Unskilled]
   clerical spells    [Unskilled]
   escape spells      [Unskilled]
   matter spells      [Unskilled]

Voluntary challenges:
 Character rerolling was not enabled.
 You never hit with a wielded weapon.
 You never genocided any monsters.
 You never polymorphed an object.
 You never changed form.
 You used no wishes.
Achievements:
 You entered the Gnomish Mines.
 You attained the rank of Novice.
 You entered Minetown.
 You entered a temple.
 You entered a shop.

 The Dungeons of Doom: levels 1 to 2
    Level 1:
       An altar, a fountain.
    Level 2:
       Stairs down to The Gnomish Mines.
 The Gnomish Mines: levels 3 to 5
    Level 3:
    Level 4:
    Level 5: <- You were here.
       A vegetarian food shop, a temple and an altar, a fountain.
       Final resting place for
          you, killed by a gnome, while frozen by a floating eye's gaze.


Vanquished creatures:
  5 gnome leaders
  a gnomish wizard
  3 dwarves
  2 cave spiders
 14 gnomes
  3 jackals
  a goblin
  2 sewer rats
  2 grid bugs
  3 lichens
  a newt
37 creatures vanquished.

No species were genocided or became extinct.

Game over:
                       ----------
                      /          \
                     /    REST    \
                    /      IN      \
                   /     PEACE      \
                  /                  \
                  |     CyberFan     |
                  |      48 Au       |
                  |   killed by a    |
                  |      gnome       |
                  |                  |
                  |                  |
                  |       2026       |
                 *|     *  *  *      | *
        _________)/\\_//(\/(/\)/\//\/|_)_______

Goodbye CyberFan the Monk...

You died in The Gnomish Mines on dungeon level 5 with 1152 points,
and 48 pieces of gold, after 766 moves.
You were level 5 with a maximum of 25 hit points when you died.

